 Dungeon Crawl Stone Soup version 0.27-a0-1555-g0e7b3fb1d2 (webtiles) character file.

Game seed: 7632457171076616219

50 zazu2006 the Magician (level 3, -9/30 HPs)
             Began as a Naga Hedge Wizard on July 14, 2021.
             Mangled by an ice beast (18 damage)
             ... on level 3 of the Dungeon.
             The game lasted 00:03:19 (2519 turns).

zazu2006 the Magician (Naga Hedge Wizard)           Turns: 2519, Time: 00:03:20

Health: -9/30      AC:  2    Str: 12    XL:     3   Next: 79%
Magic:  2/8        EV: 10    Int: 15    God:
Gold:   56         SH:  0    Dex: 10    Spells: 0/9 levels left

rFire    + . .     SeeInvis +   a - +0 dagger
rCold    x . .     Faith    .   (no shield)
rNeg     . . .     Spirit   .   b - +0 robe
rPois    +         Reflect  .   c - +0 hat
rElec    .         Harm     .   (no cloak)
rCorr    .         Rampage  .   (no gloves)
Will     .....                  (no barding)
Stlth    ++........             (no amulet)
HPRegen  0.10/turn              m - ring of fire
MPRegen  0.11/turn              (no ring)

@: short of breath, very slow
A: AC +1, large, see invisible, deformed body, poison resistance, slowness 2,
spit poison 1, naga tail 1
a: Spit Poison


You were on level 3 of the Dungeon.
You visited 1 branch of the dungeon, and saw 3 of its levels.

You collected 56 gold pieces.

Inventory:

Hand Weapons
 a - a +0 dagger (weapon)
Armour
 b - a +0 robe (worn)
 c - a +0 hat (worn)
Jewellery
 m - a ring of fire (left hand)
Scrolls
 d - a scroll of identify {unknown}
 e - a scroll of teleportation {unknown}
 f - a scroll of fog {unknown}
 g - a scroll of fear {unknown}
 h - a scroll of magic mapping {unknown}
 l - 2 scrolls of amnesia {unknown}
Potions
 i - a potion of berserk rage {unknown}
 j - a potion of heal wounds {unknown}
 k - a potion of curing


   Skills:
 + Level 0.5 Fighting
 + Level 2.0 Dodging
 + Level 3.0 Stealth
 + Level 3.8 Spellcasting
 + Level 1.4 Conjurations
 + Level 1.0 Summonings
 + Level 1.0 Translocations


You couldn't memorise any spells.
You knew the following spells:

 Your Spells              Type           Power      Damage    Failure   Level
a - Magic Dart            Conj           28%        1d4       10%         1
b - Mephitic Cloud        Conj/Pois/Air  4%         N/A       41%         3
c - Conjure Flame         Conj/Fire      7%         6-21      38%         3
d - Blink                 Tloc           N/A        N/A       19%         2

Your spell library contained the following spells:

 Spells                   Type           Power      Damage    Failure   Level
 Call Imp                 Summ           5%         N/A       19%         2
 Slow                     Hex            2%         N/A       28%         2


Dungeon Overview and Level Annotations

Branches:
Dungeon (3/15)

Altars:
Hepliaklqana


Innate Abilities, Weirdness & Mutations

Your serpentine skin is tough. (AC +1)
You have supernaturally acute eyesight. (SInv)
Armour fits poorly on your strangely shaped body.
Your system is resistant to poisons. (rPois)
You cover ground very slowly.
You can spit poison.
You have a snake-like lower body.


Message History

There is an open door here.
Unknown command.
Unknown command.
Press: ? - help, Shift-Dir - straight line, f/p - ice beast
Aim: an ice beast (severely wounded)
The splash of poison hits the ice beast.
The ice beast completely resists.
The ice beast is severely wounded.
Casting: Magic Dart (safe; 10% risk of failure)
Confirm with . or Enter, or press ? or * to list all spells.
Aiming: Magic Dart (safe; 10% risk of failure)
Press: ? - help, Shift-Dir - straight line, f/p - ice beast
Aim: an ice beast (severely wounded, 100% to hit)
The magic dart hits the ice beast but does no damage.
The ice beast is severely wounded.
The ice beast barely misses you.
Casting: Magic Dart (safe; 10% risk of failure)
Confirm with . or Enter, or press ? or * to list all spells.
Aiming: Magic Dart (safe; 10% risk of failure)
Press: ? - help, Shift-Dir - straight line, f/p - ice beast
Aim: an ice beast (severely wounded, 100% to hit)
The magic dart hits the ice beast but does no damage.
The ice beast is severely wounded.
The ice beast closely misses you.
Casting: Magic Dart (safe; 10% risk of failure)
Confirm with . or Enter, or press ? or * to list all spells.
Aiming: Magic Dart (safe; 10% risk of failure)
Press: ? - help, Shift-Dir - straight line, f/p - ice beast
Aim: an ice beast (severely wounded, 100% to hit)
The magic dart hits the ice beast but does no damage.
The ice beast is severely wounded.
The ice beast hits you. The ice beast freezes you!!
You feel a terrible chill!
Ouch! That really hurt!
* * * LOW HITPOINT WARNING * * *
Okay, then.
It was a potion of curing.
You feel better. The ice beast hits you.
* * * LOW HITPOINT WARNING * * *
The ice beast freezes you!!
You feel a terrible chill!
Ouch! That really hurt!
You die...

#.##.###..#######
#'#######'#
##..###..##
#.......# ##.....##
#8._.8# ##.....##
#.......########.
##@.###..#.>.##.#.
#Y#######+##.#....#
#.##.# #.(........Y
#....###.###.......
####Y.........#Y...
#####.####.##...
#..# #.. #.##
#...... #.# #####.#


You could see an ice beast.

Vanquished Creatures
  An adder (D:2)
  An orc (D:3)
  3 endoplasms
  6 goblins
  4 hobgoblins
  3 jackals (D:2)
  6 kobolds
  3 quokkas (D:1)
  4 ball pythons
  2 bats
  2 rats
35 creatures vanquished.

Notes
Turn   | Place    | Note
-------+----------+-------------------------------------------
     0 | D:1      | zazu2006 the Naga Hedge Wizard began the quest for the Orb.
     0 | D:1      | Reached XP level 1. HP: 15/15 MP: 4/4
   400 | D:1      | Reached XP level 2. HP: 22/22 MP: 1/6
  1321 | D:2      | Reached XP level 3. HP: 17/30 MP: 0/8
  1325 | D:2      | Learned a level 3 spell: Mephitic Cloud
  1329 | D:2      | Learned a level 3 spell: Conjure Flame
  1332 | D:2      | Learned a level 2 spell: Blink
  1585 | D:2      | Found a hazy altar of Hepliaklqana.
  2351 | D:3      | Noticed an ice beast
  2444 | D:3      | Found a faded altar of an unknown god.
  2519 | D:3      | Mangled by an ice beast

Illustrated notes

Levels and vault maps discovered:
D:1:      roderic_octagonal_star, layout_rooms, serial_forest,
          infiniplex_forest_fountain, infiniplex_forest_clump_curved,
          infiniplex_forest_clump_tiny, infiniplex_forest_lined_2,
          infiniplex_forest_clump_double, infiniplex_forest_clump_cross,
          infiniplex_forest_clump_diagonal, infiniplex_forest_straight_4,
          infiniplex_forest_clump_small
D:2:      layout_loops_cross, basic_altar, solitary_fountain
D:3:      layout_loops_corners, mainiacjoe_overflow_catwalk, trog_hazing_becter,
          hellmonk_ecumenical_altar_slurped_away, uniq_crazy_yiuf_cottage

Skill      XL: |  1  2  3 |
---------------+----------+-----
Dodging        | 2 |  2.0
Fighting       | |  0.5
Stealth        | |  3.0
Spellcasting   | |  3.8
Conjurations   | |  1.4
Summonings     | |  1.0
Translocations | |  1.0

Action                   || total
-------------------------++-------
Melee: Dagger            ||     6
 Cast: Magic Dart        ||    90
       Conjure Flame     ||     1
 Abil: Spit Poison       ||    19
  Use: Potion            ||     1
Armor: Robe              ||     9
Dodge: Dodged            ||    21

Table legend: (Time is in decaauts)
 A = Elapsed time spent in this place.
 B = Non-inter-level travel time spent in this place.
 C = Inter-level travel time spent in this place.
 D = Time resting spent in this place.
 E = Time spent auto-exploring this place.
 F = Levels seen in this place.
 G = Mean time per level.
                   A        B        C        D        E       F      G
               +--------+--------+--------+--------+--------+-----+--------+
         Total |   3032 |   2933 |     99 |     55 |   2584 |   3 | 1010.7 |
       Dungeon |   3032 |   2933 |     99 |     55 |   2584 |   3 | 1010.7 |
               +--------+--------+--------+--------+--------+-----+--------+

Top non-repeatable levels by time:
     D:1: 1581 daAuts
     D:2: 1272 daAuts
     D:3: 179 daAuts
